 Dungeon Crawl Stone Soup version 0.24-a0-616-ge2a249a6fd (webtiles) character file.

Game seed: 7487653307250161726, levelgen mode: deterministic

70379 Zhud the Jinx (level 14, -10/94 HPs)
             Began as a Vampire Enchanter on Sept 7, 2019.
             Was a High Priest of Hepliaklqana.
             Shot with an arrow by a centaur warrior (22 damage)
             ... on level 2 of the Depths on Sept 14, 2019.
             The game lasted 06:01:12 (24091 turns).

Zhud the Jinx (Vampire Enchanter)                  Turns: 24091, Time: 06:01:12

Health: -10/94     AC: 10    Str:  7    XL:     14   Next: 93%
Magic:  13/20      EV: 18    Int: 20    God:    Hepliaklqana [*****.]
Gold:   392        SH:  0    Dex: 17    Spells: 1/21 levels left

rFire    + + .     SeeInvis +   b - +3 longbow (flame)
rCold    + . .     Gourm    .   (shield currently unavailable)
rNeg     . . .     Faith    .   N - +2 robe {rC+}
rPois    .         Spirit   .   n - +0 mask of the Dragon {MR+ Slay+3 SInv}
rElec    .         Reflect  .   M - scarf {repulsion}
rCorr    .         Harm     .   P - +2 pair of gloves
MR       ++...                  W - +1 pair of boots
Stlth    +++++.....             c - amulet of rage
HPRegen  0.45/turn              Q - ring of ice
MPRegen  0.17/turn              h - ring "Otemn" {Wiz *Drain +Fly rF+++ rC-}

@: regenerating quickly, repel missiles
A: no food, reduced essence, fangs 3, see invisible, unbreathing
a: Exsanguinate, Recall Ancestor, Ancestor Identity, Transference, Idealise,
Renounce Religion, Evoke Berserk Rage, Evoke Flight


You were on level 2 of the Depths.
You worshipped Hepliaklqana.
Hepliaklqana was extremely pleased with you.
You were alive.

You visited 3 branches of the dungeon, and saw 18 of its levels.
You also visited: Ossuary.

You collected 1250 gold pieces.
You spent 858 gold pieces at shops.

Inventory:

Hand Weapons
 a - a +2 vampiric dagger
 b - a +3 longbow of flaming (weapon)
 g - a +3 glaive of venom
 r - a +1 longbow of freezing
Missiles
 l - 749 stones
 q - 2 throwing nets
 y - 10 boomerangs
 A - 481 arrows (quivered)
 E - 79 poisoned darts
Armour
 n - the +0 mask of the Dragon (worn) {MR+ Slay+3 SInv}
   (You found it on level 15 of the Dungeon)

   It affects your accuracy and damage with ranged weapons and melee attacks
   (+3).
   It affects your resistance to hostile enchantments.
   It lets you see invisible.
 C - a +2 cloak of poison resistance
 M - a scarf of repulsion (worn)
 N - a +2 robe of cold resistance (worn)
 P - a +2 pair of gloves (worn)
 T - a scarf of resistance
 W - a +1 pair of boots (worn)
Magical Staves
 f - an uncursed staff of air
 w - an uncursed staff of wizardry
Jewellery
 c - an amulet of rage (around neck)
 h - the ring "Otemn" (right hand) {Wiz *Drain +Fly rF+++ rC-}
   (You found it on level 9 of the Dungeon)

   [ring of wizardry]

   It improves your spell success rate.
   It renders you almost immune to fire.
   It makes you vulnerable to cold.
   It lets you fly.
   It causes draining when unequipped.
 s - an uncursed ring of magical power
 Q - a ring of ice (left hand)
Wands
 d - a wand of polymorph (18)
 i - a wand of iceblast (38)
 o - a wand of disintegration (11)
 u - a wand of digging (7)
 J - a wand of paralysis (18)
 L - a wand of clouds (6)
 X - a wand of scattershot (12)
 Z - a wand of enslavement (23)
Scrolls
 p - 4 scrolls of teleportation
 v - a scroll of enchant armour
 F - a scroll of fog {unknown}
 K - 4 scrolls of amnesia
 O - a scroll of summoning {unknown}
 R - a scroll of blinking {unknown}
 S - 9 scrolls of remove curse
 V - 4 scrolls of fear
Potions
 e - 2 potions of might
 j - 7 potions of heal wounds
 k - 3 potions of invisibility
 m - 14 potions of curing
 t - 3 potions of berserk rage
 z - 3 potions of magic
 B - 4 potions of flight
 G - 2 potions of cancellation
 H - 5 potions of agility
 Y - 2 potions of brilliance
Miscellaneous
 I - a lightning rod (4/4)


   Skills:
 - Level 8.0 Fighting
 - Level 4.0(6.4) Short Blades
   Level 7.1(7.5) Long Blades
 - Level 11.3 Polearms
 - Level 1.7 Throwing
 - Level 5.5 Armour
 - Level 8.0 Dodging
 - Level 12.2 Stealth
 - Level 4.0 Spellcasting
 - Level 2.4 Conjurations
 - Level 13.0 Hexes
 - Level 6.0 Necromancy
 * Level 1.1 Transmutations
 - Level 5.3 Ice Magic
 - Level 5.2 Air Magic
 * Level 1.1 Earth Magic
 - Level 6.7 Invocations
 - Level 5.0 Evocations


You had one spell level left.
You knew the following spells:

 Your Spells              Type           Power        Failure   Level  Hunger
a - Corona                Hex            ######.      1%          1    N/A
b - Ensorcelled Hibernat  Hex/Ice        ######       1%          2    N/A
c - Confuse               Hex            ######..     1%          3    N/A
d - Tukima's Dance        Hex            ######..     1%          3    N/A
l - Leda's Liquefaction   Hex/Erth       ####......   2%          4    N/A
m - Mephitic Cloud        Conj/Pois/Air  ##......     6%          3    N/A
p - Passwall              Tmut/Erth      #.......     4%          2    N/A
s - Sublimation of Blood  Necr           ####......   1%          2    N/A

Your spell library contained the following spells:

 Spells                   Type           Power        Failure   Level  Hunger
 Slow                     Hex            ######..     1%          2    N/A
 Dazzling Spray           Conj/Hex       ####..       1%          3    N/A
 Portal Projectile        Hex/Tloc       ####..       1%          3    N/A
 Summon Guardian Golem    Hex/Summ       ####....     1%          3    N/A
 Silence                  Hex/Air        #####.....   3%          5    N/A
 Stone Arrow              Conj/Erth      ##....       8%          3    N/A
 Ignite Poison            Fire/Tmut/Pois #.......     13%         3    N/A
 Petrify                  Tmut/Erth      #.......     32%         4    N/A
 Irradiate                Conj/Tmut      ##........   52%         5    N/A
 Bolt of Magma            Conj/Fire/Erth #.........   61%         5    N/A
 Fireball                 Conj/Fire      #.........   61%         5    N/A
 Iskenderun's Battlesphe  Conj/Chrm      #.......     61%         5    N/A
 Venom Bolt               Conj/Pois      #.........   61%         5    N/A
 Alistair's Intoxication  Tmut/Pois      #.......     71%         5    N/A
 Freezing Cloud           Conj/Ice/Air   ####......   75%         6    N/A
 Iron Shot                Conj/Erth      ##........   97%         6    N/A
 Bolt of Fire             Conj/Fire      #.........   99%         6    N/A
 Orb of Destruction       Conj           ##........   100%        7    N/A
 Ring of Flames           Chrm/Fire      #.........   100%        7    N/A
 Spellforged Servitor     Conj/Summ      #.........   100%        7    N/A
 Ignition                 Fire           #.........   100%        8    N/A

Dungeon Overview and Level Annotations

Branches:
Dungeon (15/15)            Temple (1/1) D:7            Lair (0/6) D:9
    Orc (0/2) D:12         Vaults (0/5) D:14         Depths (2/5) D:15
Ossuary (visited)

Altars:
Ashenzari
Cheibriados
Dithmenos
Elyvilon
Fedhas
Gozag
Hepliaklqana
Kikubaaqudgha
Makhleb
Nemelex Xobeh
Okawaru
Qazlal
Ru
Sif Muna
Trog
Uskayaw
Vehumet
Wu Jian
Xom
Yredelemnul
Zin
The Shining One

Shops:
D:8 *   D:14 [

Portals:
Hell: Depths:1 Depths:2
Ziggurat: Depths:2
Trove: D:14 (show abyssal rune of Zot)

Annotations:
D:9 exclusion: downstairs
D:10 exclusion: downstairs
D:11 Snorg
D:12 exclusion: downstairs
D:14 exclusion: downstairs
Depths:1 1 exclusion
Depths:2 exclusions: lich and 6 more exclusions


Innate Abilities, Weirdness & Mutations

You do not eat.
Your natural rate of healing is unusually fast.
You have razor-sharp teeth.
You have supernaturally acute eyesight. (SInv)
You can survive without breathing.
Your life essence is reduced to manifest your ancestor. (-10% HP)


Message History

The arrow hits you!!
Zpud points at the centaur warrior and mumbles some strange words.
The centaur warrior easily resists.
The centaur warrior shoots an arrow.
The arrow closely misses Zpud.
The arrow is repelled.
Zpud hits the centaur warrior with a +0 dagger of draining.
The centaur warrior shoots an arrow.
The arrow hits you!!
You see here an arrow.
Zpud completely misses the centaur warrior.
The deep troll earth mage gestures at you while chanting.
The wall shatters!
The blast of rock fragments hits you.
Zpud gestures at the centaur warrior while chanting.
The centaur warrior seems to slow down.
The centaur warrior shoots an arrow.
The arrow is repelled.
The deep troll earth mage points at you and mumbles some strange words.
The wall shatters!
The blast of rock fragments hits you!!
* * * LOW HITPOINT WARNING * * *
Zpud casts a spell at the centaur warrior.
The centaur warrior seems to slow down.
The centaur warrior shoots an arrow.
The arrow hits you!!
You die...

≈≈≈#......#.#..#.#
≈≈.........#(..#.#
...............#.#
...#.##..#.......##
..#.#R######......#
.#.#.#.###.....#..#
#.###.#.##.....#..# .##
##.#.###....(.# ##
##.#.##.≈..@.##### #
##.#.##...#.##..##
.#.##.#.####..##...#
#(.#C##.#.##.((#....#
##}.#.##.#.##...T.≈≈..##
##.[#.##.#.##....T.≈≈...#
#.#:.##.#.##.#....c≈≈..##
.#.$##.#.##.#.#...R≈..##
#..##.#.##.#.##≈≈....##


You could see the friendly Zpud the hexer, a centaur warrior, a deep troll and a
deep troll earth mage.

Vanquished Creatures
  A tengu reaver (Depths:2)
  4 very ugly things
  Nessos (D:12)
  2 fire dragons (Depths:1)
  An ogre mage (D:15)
  2 rakshasas
  3 hydras
  Fannar (D:11)
  2 ice dragons
  4 centaur warriors
  3 two-headed ogres
  A deep troll shaman (Depths:1)
  4 deep troll earth magi
  A vampire mage (Depths:2)
  A fire crab (shapeshifter) (D:15)
  2 unseen horrors
  2 deep trolls
  4 wizards
  4 deep elf magi
  A shining eye (shapeshifter) (D:14)
  A wolf spider (shapeshifter) (D:15)
  A cyclops (D:13)
  6 ugly things
  4 manticores
  2 gargoyles
  3 centaur skeletons
  A black mamba (shapeshifter) (Depths:1)
  2 orange demons (D:15)
  2 kobold demonologists
  A tengu conjurer (Depths:1)
  6 yaktaurs
  4 trolls
  3 meliai (D:15)
  A wolf spider simulacrum (D:14)
  4 hornets
  Grinder (D:4)
  7 slime creatures
  2 hippogriffs
  2 shadows (D:15)
  A vampire (D:9)
  A wraith (D:14)
  14 yaks
  A water elemental (Depths:2)
  5 wyverns
  2 hogs (D:12)
  A fire bat (shapeshifter) (D:13)
  5 vampire mosquitoes
  A hungry ghost (D:9)
  Edmund (D:5)
  4 wargs
  3 soldier ants
  An acid dragon (D:11)
  3 black bears
  7 ice beasts
  3 orc warriors
  5 ogres
  2 phantoms
  2 sky beasts
  An eye of draining (D:12)
  2 necrophages
  8 boggarts
  11 centaurs
  2 crocodiles
  4 big kobolds
  8 bullfrogs
  2 water moccasin zombies (D:6)
  10 scorpions
  12 killer bees
  5 howler monkeys
  5 centaur zombies
  3 bullfrog zombies
  9 crimson imps
  2 quasits
  A bullfrog skeleton (D:4)
  5 hounds
  2 jellies
  7 orc priests
  7 orc wizards
  3 iguanas
  An ancestor (D:9)
  5 hexers
  8 worker ants
  A killer bee zombie (D:7)
  2 hound zombies (D:6)
  2 hound skeletons
  4 mummies
  A howler monkey zombie (D:11)
  3 worker ant zombies
  Robin (D:4)
  A gnoll (D:9)
  A howler monkey skeleton (D:7)
  11 adders
  5 shadow imps
  An adder skeleton (D:6)
  5 adder zombies (Ossuary)
  2 dart slugs
  4 leopard geckos
  26 orcs
  3 bats (D:1)
  17 goblins
  10 hobgoblins
  5 jackals
  4 quokkas
  5 frilled lizards
  4 goblin zombies
  3 hobgoblin zombies
  A jackal zombie (D:6)
  10 kobolds
  2 kobold zombies (Ossuary)
  5 quokka zombies
  4 rats (D:2)
  2 rat zombies (Ossuary)
  A withered plant (D:6)
428 creatures vanquished.

Vanquished Creatures (collateral kills)
  A sphinx (Depths:1)
  Kirke (D:12)
  A stone giant (Depths:2)
  2 ettins
  A great orb of eyes (Depths:2)
  An ice dragon (Depths:1)
  2 centaur warriors
  3 two-headed ogres
  A deep troll shaman (Depths:2)
  A tengu warrior (Depths:1)
  2 centaur zombies
  A deep elf mage (D:12)
  An orange demon (D:15)
  Maurice (D:11)
  4 slime creatures
  A hog (D:12)
  2 yaks (D:9)
  A warg (D:12)
  2 vampire mosquitoes (D:15)
  An orc warrior (D:12)
  A sky beast (D:9)
  4 boggarts
  2 necrophages (D:9)
  3 ogres
  2 centaurs
  A bullfrog (D:14)
  A wyvern skeleton (D:15)
  A scorpion (D:15)
  3 killer bees
  A wight (D:9)
  3 crimson imps
  A howler monkey (D:7)
  2 hounds (D:11)
  A bullfrog skeleton (D:10)
  3 jellies
  3 orc wizards
  2 orc priests (D:11)
  2 hound skeletons
  5 gnolls
  A shadow imp (D:5)
  2 adder skeletons
  15 orcs
  A jackal (D:8)
  5 kobolds
95 creatures vanquished.

Vanquished Creatures (others)
  6 dancing weapons
  21 hexers
  A gnoll (D:9)
  10 ancestors
38 creatures vanquished.

Grand Total: 561 creatures vanquished

Notes
Turn   | Place    | Note
-------+----------+-------------------------------------------
     0 | D:1      | Zhud the Vampire Enchanter began the quest for the Orb.
     0 | D:1      | Reached XP level 1. HP: 13/13 MP: 3/3
   195 | D:1      | Reached XP level 2. HP: 11/19 MP: 1/5
   199 | D:1      | Learned a level 2 spell: Ensorcelled Hibernation
   839 | D:2      | Found a faded altar of an unknown god.
  1025 | D:2      | Reached XP level 3. HP: 25/25 MP: 6/6
  1030 | D:2      | Learned a level 3 spell: Confuse
  1182 | D:2      | Reached skill level 5 in Stealth
  1513 | D:3      | Reached skill level 5 in Hexes
  1516 | D:3      | Reached skill level 1 in Ice Magic
  1786 | D:3      | Reached skill level 1 in Fighting
  1786 | D:3      | Reached XP level 4. HP: 32/32 MP: 0/7
  2275 | D:3      | Reached skill level 1 in Long Blades
  2771 | D:5      | Entered Level 5 of the Dungeon
  2771 | D:5      | Noticed a necrophage
  2779 | D:5      | Killed a necrophage
  2779 | D:5      | Reached XP level 5. HP: 23/37 MP: 8/8
  2805 | D:5      | Reached skill level 6 in Hexes
  2807 | D:5      | Noticed an ice beast
  2856 | D:5      | Found a sand-covered staircase.
  2861 | Ossuary  | Entered an ossuary
  2921 | Ossuary  | Reached XP level 6. HP: 43/43 MP: 5/9
  3137 | D:5      | Noticed an ice beast
  3156 | D:5      | Got an ichor-stained ring mail
  3334 | D:5      | Found a shimmering blue altar of Sif Muna.
  3353 | D:5      | Found a transporter.
  3369 | D:5      | Found a transporter.
  3579 | D:4      | Noticed Robin
  3654 | D:4      | Killed Robin
  3667 | D:4      | Learned a level 3 spell: Tukima's Dance
  3896 | D:4      | Reached skill level 7 in Hexes
  4172 | D:4      | Reached XP level 7. HP: 50/50 MP: 7/10
  4281 | D:4      | Noticed Grinder
  4298 | D:4      | Killed Grinder
  4298 | D:4      | Reached skill level 8 in Hexes
  4855 | D:5      | Noticed Edmund
  5184 | D:5      | Killed Edmund
  5184 | D:5      | Reached skill level 9 in Hexes
  5184 | D:5      | Reached XP level 8. HP: 50/50 MP: 9/11
  5406 | D:6      | Found a snail-covered altar of Cheibriados.
  5701 | D:6      | Reached skill level 1 in Evocations
  5753 | D:6      | Reached skill level 10 in Hexes
  6281 | D:7      | Found a staircase to the Ecumenical Temple.
  6287 | Temple   | Entered the Ecumenical Temple
  6490 | Temple   | Became a worshipper of Hepliaklqana the Forgotten
  6806 | D:7      | Reached XP level 9. HP: 56/57 MP: 2/12
  7044 | D:7      | Reached skill level 10 in Stealth
  7204 | D:7      | Found a bloodstained altar of Trog.
  7335 | D:7      | Found a hide-covered altar of Uskayaw.
  7338 | D:7      | Noticed a +0 dagger
  7338 | D:7      | Noticed a +0 hand axe
  7536 | D:8      | Found Taitibaa's Assorted Antiques.
  7544 | D:8      | Bought a scroll labeled RASUKHLESSO for 33 gold pieces
  7599 | D:8      | Reached skill level 5 in Dodging
  7904 | D:8      | Reached skill level 5 in Long Blades
  7963 | D:8      | Found an iron altar of Okawaru.
  8001 | D:8      | Reached * piety under Hepliaklqana
  8248 | D:8      | Reached XP level 10. HP: 51/51 MP: 2/13
  8448 | D:9      | Reached skill level 1 in Throwing
  8511 | D:9      | Reached skill level 5 in Fighting
  8743 | D:9      | Identified the Catalogue of Attacks and Venom
  8748 | D:9      | Learned a level 2 spell: Sublimation of Blood
  8760 | D:9      | Got a slimy turquoise ring
  8762 | D:9      | Identified the ring "Otemn" {Wiz *Drain +Fly rF+++ rC-}
                  | (You found it on level 9 of the Dungeon)
  8775 | D:9      | Identified the cursed +0 flail "Zecko" {elec, *Rage Dex+4}
                  | (You found it on level 9 of the Dungeon)
  8821 | D:9      | Reached skill level 1 in Necromancy
  8841 | D:9      | Noticed a two-headed ogre
  8843 | D:9      | Killed a two-headed ogre
  8857 | D:9      | Reached skill level 1 in Polearms
  9079 | D:9      | Reached skill level 11 in Hexes
  9103 | D:9      | Reached skill level 5 in Necromancy
  9248 | D:9      | Noticed a two-headed ogre
  9326 | D:9      | Identified the +4 ring mail of Prudence {+Fly rF+++ rCorr
                  | Str-4}
  9619 | D:9      | Found a sparkling altar of Nemelex Xobeh.
  9621 | D:9      | Found an opulent altar of Gozag.
  9621 | D:9      | Found an ornate altar of the Wu Jian Council.
  9622 | D:9      | Found an ancient bone altar of Kikubaaqudgha.
  9698 | D:9      | Reached XP level 11. HP: 72/72 MP: 10/14
  9882 | D:9      | Reached skill level 5 in Polearms
  9952 | D:9      | Found a staircase to the Lair.
 10053 | D:10     | Entered Level 10 of the Dungeon
 10069 | D:10     | Identified the cursed +3 scimitar of Xiotir {vamp, *Contam
                  | rF- rN++ Int+2} (You found it on level 10 of the Dungeon)
 10077 | D:10     | Noticed an unseen horror
 10090 | D:10     | Killed an unseen horror
 10323 | D:10     | Reached ** piety under Hepliaklqana
 10324 | D:10     | Remembered your ancestor Zpud as a hexer
 10429 | D:10     | Noticed a two-headed ogre
 10502 | D:10     | Killed a two-headed ogre
 10502 | D:10     | Reached skill level 12 in Hexes
 11096 | D:11     | Noticed Maurice
 11115 | D:11     | Killed Maurice
 11317 | D:11     | Noticed Snorg
 11421 | D:11     | You fall into a shaft and drop 2 floors!
 11706 | D:13     | Noticed a harpy
 11711 | D:13     | a harpy changed into a fire bat
 11897 | D:13     | Reached *** piety under Hepliaklqana
 11906 | D:13     | Noticed an eight-headed hydra
 12447 | D:12     | Noticed a two-headed ogre
 12484 | D:12     | Noticed a centaur warrior
 12577 | D:12     | Reached XP level 12. HP: 61/70 MP: 15/15
 12608 | D:12     | Killed a centaur warrior
 12608 | D:12     | Reached skill level 1 in Invocations
 12634 | D:12     | Killed a two-headed ogre
 13121 | D:11     | Noticed Fannar
 13197 | D:12     | Found a staircase to the Orcish Mines.
 13280 | D:12     | Noticed Nessos
 13288 | D:12     | Killed Nessos
 13381 | D:12     | Noticed Kirke
 13547 | D:12     | Reached **** piety under Hepliaklqana
 13614 | D:13     | Noticed a centaur warrior
 13942 | D:14     | Upgraded the game from 0.24-a0-585-g5c5dc1b5cb to
                  | 0.24-a0-586-g8e0e932a4c
 14035 | D:14     | Found a portal to a secret trove of treasure.
 14115 | D:14     | Reached skill level 5 in Evocations
 14124 | D:14     | Reached skill level 10 in Polearms
 14164 | D:14     | Noticed a centaur warrior
 14168 | D:14     | Noticed an ice dragon
 14169 | D:14     | Killed a centaur warrior
 14172 | D:14     | Noticed an ettin
 14176 | D:14     | Killed an ice dragon
 14245 | D:14     | Killed an ettin
 14371 | D:14     | Found a gate to the Vaults.
 14462 | D:14     | Found Vegraone's Armour Emporium.
 14671 | D:14     | Reached XP level 13. HP: 66/66 MP: 16/16
 14861 | D:15     | Entered Level 15 of the Dungeon
 14903 | D:15     | Found the +0 mask of the Dragon {MR+ Slay+3 SInv}
 14992 | D:15     | Found a glowing silver altar of Zin.
 15337 | D:15     | Reached skill level 5 in Invocations
 15410 | D:15     | Reached skill level 1 in Armour
 15649 | D:15     | Upgraded the game from 0.24-a0-586-g8e0e932a4c to
                  | 0.24-a0-592-g9a1d66b0e3
 15649 | D:15     | Upgraded the game from 0.24-a0-592-g9a1d66b0e3 to
                  | 0.24-a0-613-g1ff6aac338
 16566 | D:15     | Upgraded the game from 0.24-a0-613-g1ff6aac338 to
                  | 0.24-a0-615-g751f86b5a9
 16886 | D:15     | Reached ***** piety under Hepliaklqana
 17033 | D:15     | Found a staircase to the Depths.
 17045 | D:15     | Upgraded the game from 0.24-a0-615-g751f86b5a9 to
                  | 0.24-a0-616-ge2a249a6fd
 18402 | D:12     | Killed Kirke
 18402 | D:12     | Reached XP level 14. HP: 72/72 MP: 16/18
 18527 | D:8      | Identified the +1 ring mail "Betoz" {rCorr Dex+3} (You
                  | found it on level 5 of the Dungeon)
 18545 | D:8      | Bought a rare book for 495 gold pieces
 18550 | D:8      | Learned a level 3 spell: Mephitic Cloud
 18555 | D:8      | Learned a level 4 spell: Leda's Liquefaction
 18555 | D:8      | Bought a potion of heal wounds for 165 gold pieces
 18555 | D:8      | Bought a potion of heal wounds for 165 gold pieces
 18856 | D:11     | Reached skill level 13 in Hexes
 19138 | D:11     | Killed Fannar
 19138 | D:11     | Reached skill level 1 in Air Magic
 19544 | Depths:1 | Entered Level 1 of the Depths
 19565 | Depths:1 | Found a gateway to Hell.
 19651 | Depths:1 | Found a sparkling altar of Nemelex Xobeh.
 20151 | Depths:1 | Learned a level 2 spell: Passwall
 20156 | Depths:1 | Found a shattered altar of Ashenzari.
 20189 | Depths:1 | Noticed a stone giant
 20380 | Depths:1 | Noticed a sphinx
 20384 | Depths:1 | Killed a sphinx
 20446 | Depths:1 | Reached skill level 1 in Transmutations
 20446 | Depths:1 | Reached skill level 1 in Earth Magic
 20469 | Depths:1 | Noticed a brown very ugly thing
 20469 | Depths:1 | Noticed a brown very ugly thing
 20479 | Depths:1 | Noticed a brown very ugly thing
 20499 | Depths:1 | Killed a red very ugly thing
 20513 | Depths:1 | Killed a green very ugly thing
 20552 | Depths:1 | Killed a brown very ugly thing
 20552 | Depths:1 | Reached skill level 1 in Conjurations
 20693 | Depths:2 | Noticed a tengu reaver
 20706 | Depths:2 | Killed a tengu reaver
 21184 | Depths:1 | Reached skill level 5 in Armour
 22138 | Depths:2 | Noticed a stone giant
 22140 | Depths:1 | Noticed a frost giant
 22181 | Depths:2 | Noticed a fire giant
 22188 | Depths:2 | Noticed a stone giant
 22890 | Depths:2 | Noticed a stone giant
 22900 | Depths:2 | Noticed a frost giant
 23448 | Depths:2 | Found a gateway to a ziggurat.
 23546 | Depths:2 | Noticed a stone giant
 23627 | Depths:2 | Killed a stone giant
 23692 | Depths:2 | Noticed a brown very ugly thing
 23794 | Depths:2 | Reached skill level 5 in Ice Magic
 23794 | Depths:2 | Reached skill level 5 in Air Magic
 23798 | Depths:2 | Killed a brown very ugly thing
 23881 | Depths:2 | Noticed a lich
 24025 | Depths:2 | Noticed a stone giant
 24091 | Depths:2 | Shot with an arrow by a centaur warrior

Levels and vault maps discovered:
D:1:      wander_arrival_lonely_grave, layout_basic, minmay_stone_trees_small
D:2:      layout_loops_cross, chequers_ecumenical_altar_simple
D:3:      layout_loops_ring
D:4:      layout_loops_corners, first_ration, chequers_serial_rivers_small_a,
          uniq_grinder, uniq_robin
D:5:      gammafunk_wand_slinger, layout_gridville, lemuel_blue_sif_altar,
          nicolae_ossuary_entry_giza, uniq_edmund
D:6:      layout_loops_cross, kennysheep_slug_shrine, serial_undead,
          serial_undead_f, serial_undead_c, serial_undead_b, serial_undead_b,
          serial_undead_e, serial_undead_e, serial_undead_c, serial_undead_c
D:7:      layout_basic, dancing_weapons_uskayaw, lemuel_coloured_pillars_altar,
          minmay_temple_entry_enclosed_plants
D:8:      layout_cave_pools, serial_shops, shop, serial_column_ruins,
          column_ruins_open_small, column_ruins_grid_1,
          column_ruins_open_small_water, column_ruins_corridor_straight,
          column_ruins_corridor_corner, column_ruins_columns_straight,
          basic_altar, hangedman_pestilent_swarm
D:9:      minmay_the_grid_3x3 [minmay_the_grid_spikes, minmay_the_grid_slots,
          minmay_the_grid_all_tris, minmay_the_grid_outer_circle,
          minmay_the_grid_odd_star, minmay_the_grid_x,
          minmay_the_grid_minigrid_large, minmay_the_grid_square_x,
          minmay_the_grid_prize_shrinking_boxes], layout_rooms, minitemple,
          erik_lair_orcish_takeover
D:10:     layout_long_grid
D:11:     layout_loops_ring, uniq_snorg, uniq_fannar, uniq_maurice
D:12:     layout_gridville, erik_orc_4, billiards_dpeg, uniq_kirke, uniq_nessos
D:13:     nicolae_whirlpool, layout_layer_cave, grunt_ministairs_13
D:14:     layout_cave_pools, david_vaults_4, nicolae_trove_entry_diagonal,
          serial_shops, kennysheep_little_box
D:15:     grunt_enter_depths_magical_seal, layout_stronghold, basic_altar,
          minmay_misc_feat_cross, grunt_decor_mini_mirrors,
          einodemon_barbed_minivault
Temple:   minmay_temple_curvy_branch
Depths:1: layout_cave_shapes, hell_entry, roderic_roman_lattice,
          hangedman_abyss_or_decor_stagger, nemelex_xobeh_ov_fountains_minmay,
          hangedman_decor_cross_pass
Depths:2: minmay_inner_zag, layout_cave_pools, enter_ziggurat_e,
          hangedman_decor_push, ploomutoo_gammafunk_ghost_potion_laboratory,
          hell_entry

Skill      XL: |  1  2  3  4  5  6  7  8  9 10 11 12 13 14 |
---------------+-------------------------------------------+-----
Short Blades   | 2 4 |  4.0
Stealth        | 5 6 7 8 9 11 12 | 12.2
Hexes          | 5 6 7 9 10 11 12 13 | 13.0
Ice Magic      | 1 2 3 5 |  5.3
Fighting       | 1 2 3 4 5 6 7 8 |  8.0
Long Blades    | 1 3 6 7 |  7.1
Dodging        | 3 4 5 6 7 8 |  8.0
Evocations     | 2 3 5 |  5.0
Throwing       | 1 |  1.7
Necromancy     | 5 6 |  6.0
Polearms       | 4 8 10 11 | 11.3
Invocations    | 4 6 |  6.7
Armour         | 3 5 |  5.5
Spellcasting   | 3 4 |  4.0
Air Magic      | 5 |  5.2
Transmutations | 1 |  1.1
Earth Magic    | 1 |  1.1
Conjurations   | 2 |  2.4

Action                   |  1- 3 |  4- 6 |  7- 9 | 10-12 | 13-15 || total
-------------------------+-------+-------+-------+-------+-------++-------
Melee: Dagger            |    85 |    35 |    80 |   155 |   158 ||   513
       Bite              |     3 |    14 |    35 |    32 |    29 ||   113
       Short sword       |    12 |    33 |    16 |       |       ||    61
       Falchion          |       |    56 |   135 |    58 |       ||   249
       Spear             |       |    22 |       |       |       ||    22
       Glaive            |       |       |       |   247 |   202 ||   449
 Fire: Hunting sling     |    13 |    33 |    22 |    43 |    15 ||   126
       Longbow           |       |       |       |     7 |    67 ||    74
Throw: Stone             |     1 |     5 |    20 |    44 |    10 ||    80
       Dart              |       |       |     1 |     8 |     6 ||    15
       Boomerang         |       |       |       |     5 |       ||     5
 Cast: Corona            |    10 |     1 |       |       |       ||    11
       Ensorcelled Hiber |    17 |    24 |    16 |    16 |     2 ||    75
       Confuse           |       |     7 |    30 |    65 |   102 ||   204
       Tukima's Dance    |       |       |     6 |    32 |    21 ||    59
       Sublimation of Bl |       |       |       |    26 |       ||    26
       Passwall          |       |       |       |       |     2 ||     2
       Leda's Liquefacti |       |       |       |       |     2 ||     2
Invok: Ancestor Identity |       |       |     2 |       |       ||     2
       Recall Ancestor   |       |       |       |     4 |     5 ||     9
       Ancestor Life: He |       |       |       |     1 |       ||     1
 Abil: Exsanguinate      |       |       |     2 |     2 |     1 ||     5
       Revivify          |       |       |     1 |     2 |     2 ||     5
       End Transformatio |       |       |       |     1 |       ||     1
       Bat Form          |       |       |       |     1 |       ||     1
       Evoke Berserk Rag |       |       |       |       |     5 ||     5
       Evoke Flight      |       |       |       |       |     1 ||     1
Evoke: Wand              |       |       |       |       |     1 ||     1
  Use: Scroll            |     3 |     4 |     5 |     6 |    13 ||    31
 Stab: Sleeping          |    15 |    18 |    35 |    43 |    27 ||   138
       Distracted        |     1 |       |     2 |     6 |    11 ||    20
       Confused          |       |     2 |    16 |    48 |    50 ||   116
       Betrayed ally     |       |       |       |       |     1 ||     1
Armor: Robe              |    25 |    13 |    14 |     5 |    35 ||    92
       Troll leather arm |       |       |       |    67 |    10 ||    77
Dodge: Dodged            |    86 |    93 |   111 |   232 |   186 ||   708
       Deflected         |       |       |     1 |       |    17 ||    18
       Rpst.: Falchion   |       |    19 |    19 |    11 |       ||    49

Table legend:
 A = Non-vault XP
 B = Vault XP
 C = Vault XP percentage of total XP
 D = Non-vault monster count
 E = Vault monster count
 F = Vault count percentage of total count
                 A         B        C        D         E       F
            +---------+---------+-------+---------+---------+-------
      Total |   74485 |   26057 |  25.9 |     371 |     144 |  28.0
            +---------+---------+-------+---------+---------+-------
        D:1 |      25 |       0 |   0.0 |      14 |       0 |   0.0
        D:2 |      25 |       0 |   0.0 |      10 |       0 |   0.0
        D:3 |     121 |       0 |   0.0 |      21 |       0 |   0.0
        D:4 |     216 |     310 |  58.9 |      14 |      14 |  50.0
        D:5 |     599 |     277 |  31.6 |      11 |       9 |  45.0
        D:6 |     331 |     461 |  58.2 |       6 |      14 |  70.0
        D:7 |    1097 |       0 |   0.0 |      28 |       0 |   0.0
        D:8 |    1057 |     886 |  45.6 |      21 |       4 |  16.0
        D:9 |    4545 |    3796 |  45.5 |      46 |      31 |  40.3
       D:10 |    2991 |       0 |   0.0 |      17 |       0 |   0.0
       D:11 |    3705 |    1393 |  27.3 |      34 |       2 |   5.6
       D:12 |    5420 |    5920 |  52.2 |      28 |      24 |  46.2
       D:13 |    6224 |     755 |  10.8 |      19 |       4 |  17.4
       D:14 |    5730 |    2313 |  28.8 |      17 |       4 |  19.0
       D:15 |   10097 |    8556 |  45.9 |      33 |      17 |  34.0
   Depths:1 |   21117 |       0 |   0.0 |      30 |       0 |   0.0
   Depths:2 |   11185 |    1302 |  10.4 |      22 |       1 |   4.3
    Ossuary |       0 |      88 | 100.0 |       0 |      20 | 100.0
            +---------+---------+-------+---------+---------+-------
